 Dungeon Crawl Stone Soup version 0.17-a0-1997-ga88ed7d (webtiles) character file.

819 Nebelphoenix the Destroyer (level 7, -10/37 HPs)
             Began as a Deep Elf Conjurer on Oct 8, 2015.
             Killed by divine providence
             ... invoked by an orc priest
              (16 damage)
             ... on level 6 of the Dungeon.
             The game lasted 01:38:45 (5733 turns).

Nebelphoenix the Destroyer (Deep Elf Conjurer)      Turns: 5733, Time: 01:38:45

Health: -10/37     AC:  5    Str:  6    XL:     7   Next: 63%
Magic:  0/18       EV: 13    Int: 21    God:
Gold:   152        SH:  0    Dex: 15    Spells: 4 memorised, 6 levels left

rFire  + . .     SeeInvis .     f - +7 greatsling "Punk" {freeze, rC+}
rCold  + . .     Clarity  .     a - +0 robe
rNeg   + . .     SustAt   .     (no shield)
rPois  .         Gourm    .     d - +2 hat {MR+}
rElec  .         Spirit   .     (no cloak)
rCorr  .         Warding  +     n - +0 pair of gloves
rMut   .         Stasis   .     (no boots)
MR     +....                    i - amulet of warding
Stlth  +++.......               (no ring)
                                o - ring of protection from fire

@: somewhat resistant to hostile enchantments, fairly stealthy
A: blurry vision 1, mutation resistance 1, spit poison 1
a: Spit Poison


You were on level 6 of the Dungeon.
You were not hungry.

You visited 1 branch of the dungeon, and saw 6 of its levels.

You collected 264 gold pieces.
You spent 112 gold pieces at shops.

Inventory:

Hand Weapons
 f - the +7 greatsling "Punk" (weapon) {freeze, rC+}
   (You found it on level 4 of the Dungeon)

   It causes projectiles fired from it to freeze those they strike, causing
   extra injury to most foes and up to half again as much damage against
   particularly susceptible opponents.
   They can also slow down cold-blooded creatures.
   It protects you from cold.
 h - a +0 short sword
 k - a +3 whip of freezing
Missiles
 e - 3 tomahawks
 g - 19 poisoned needles
 m - 8 bolts of penetration
 s - 38 stones (quivered)
 t - 20 sling bullets
Armour
 a - a +0 robe (worn)
 d - a +2 hat of magic resistance (worn)
 n - a +0 pair of gloves (worn)
 r - a +0 robe
Jewellery
 i - an amulet of warding (around neck)
 o - a ring of protection from fire (left hand)
Wands
 u - a wand of digging (8)
Scrolls
 j - 2 scrolls of remove curse
 p - a scroll of recharging
 q - 2 scrolls of teleportation
 w - a scroll of identify
Potions
 c - a potion of lignification
 v - a potion of might
Books
 b - a book of Conjurations

   Spells                             Type                      Level
   a - Magic Dart                     Conjuration                  1
   b - Searing Ray                    Conjuration                  2
   c - Dazzling Spray                 Conjuration/Hexes            3
   d - Fulminant Prism                Conjuration/Hexes            4
   e - Iskenderun's Mystic Blast      Conjuration                  4
   f - Iskenderun's Battlesphere      Conjuration/Charms           5
Comestibles
 x - a meat ration


   Skills:
 + Level 0.5 Fighting
 + Level 3.4 Dodging
 + Level 4.0 Stealth
 + Level 0.1 Unarmed Combat
 + Level 6.0 Spellcasting
 * Level 8.6 Conjurations


You had 6 spell levels left.
You knew the following spells:

 Your Spells              Type           Power        Failure   Level  Hunger
a - Magic Dart            Conj           ####         1%          1    None
b - Searing Ray           Conj           #####.       1%          2    None
c - Iskenderun's Mystic   Conj           #####...     2%          4    ####...
d - Iskenderun's Battles  Conj/Chrm      ###.....     54%         5    #####..


Dungeon Overview and Level Annotations

Branches:
Dungeon (6/15)             Temple (0/1) D:6

Altars:
Gozag
Makhleb
Zin

Shops:
D:4 [   D:5 ?


Innate Abilities, Weirdness & Mutations

Scrolls take you a little longer to read.
You are somewhat resistant to further mutation.
You can spit weak poison.


Message History

Aim: an orc wizard, wielding a dagger and wearing a robe (moderately wounded, fast)
The magic dart hits the orc wizard.
The orc wizard is heavily wounded.
The orc wizard casts a spell at you. The puff of frost hits you! You resist.
Casting: Magic Dart
Confirm with . or Enter, or press ? or * to list all spells.
Aiming: Magic Dart
Press: ? - help, Shift-Dir - straight line, f/p - orc wizard
Aim: an orc wizard, wielding a dagger and wearing a robe (heavily wounded, fast)
The magic dart hits the orc wizard.
The orc wizard is severely wounded.
The orc wizard hits you with a dagger.
The orc priest invokes the aid of Beogh against you.
Something smites you!
* * * LOW HITPOINT WARNING * * *
The orc wizard hits you but does no damage.
The orc priest mumbles some strange prayers to Beogh against you.
Something smites you!
You die...

#.# #.### #...##
#....##
##.....###
##.###..... #.##
#.### ##.###.##
##@#.# ##o# #.#
#.# #o# #.# .#
##.## ######...
#...####........
#.#....o........


You could see an orc priest and an orc wizard.

Vanquished Creatures
  An ice beast (D:5)
  A centaur (D:5)
  Blork the orc (D:5)
  A giant frog zombie (D:5)
  An orc priest (D:5)
  4 hounds
  A giant frog skeleton (D:5)
  2 orc wizards
  4 worker ants
  Jessica (D:3)
  A killer bee zombie (D:5)
  A hound zombie (D:5)
  A hound skeleton (D:5)
  4 adders
  A shadow imp (D:5)
  2 oozes
  4 giant geckos
  15 orcs
  A ball python (D:1)
  5 bats
  9 goblins
  11 hobgoblins
  10 jackals
  8 kobolds
  A quokka (D:5)
  3 giant cockroaches
  2 giant newts
  6 rats
102 creatures vanquished.

Vanquished Creatures (others)
  An orc (D:6)
1 creature vanquished.

Grand Total: 103 creatures vanquished

Notes
Turn   | Place    | Note
--------------------------------------------------------------
     0 | D:1      | Nebelphoenix the Deep Elf Conjurer began the quest for the Orb.
     0 | D:1      | Reached XP level 1. HP: 10/10 MP: 6/6
    15 | D:1      | Noticed a fire drake
    15 | D:1      | Noticed an iguana
    16 | D:1      | Noticed a redback
    16 | D:1      | Noticed a black bear
    35 | D:1      | Noticed a swamp worm
   191 | D:1      | Reached XP level 2. HP: 15/15 MP: 6/8
   195 | D:1      | Learned a level 2 spell: Searing Ray
   315 | D:1      | Reached skill level 5 in Conjurations
   790 | D:1      | Reached XP level 3. HP: 19/19 MP: 6/9
  1290 | D:2      | Reached XP level 4. HP: 24/24 MP: 6/11
  1296 | D:2      | Learned a level 4 spell: Iskenderun's Mystic Blast
  1364 | D:2      | Found an opulent altar of Gozag.
  2086 | D:3      | Reached skill level 6 in Conjurations
  2231 | D:3      | Noticed Jessica
  2236 | D:3      | Killed Jessica
  2236 | D:3      | Reached XP level 5. HP: 28/28 MP: 7/12
  2558 | D:3      | Found a faded altar to an unknown god.
  3587 | D:4      | Found Giyschea's Antique Armour Shoppe.
  3608 | D:4      | Bought an embroidered hat for 112 gold pieces
  3741 | D:4      | Found a burning altar of Makhleb.
  3741 | D:4      | Found a glowing silver altar of Zin.
  3742 | D:4      | Noticed an angel
  3742 | D:4      | Noticed a balrug
  3877 | D:5      | Entered Level 5 of the Dungeon
  3893 | D:5      | Reached XP level 6. HP: 32/32 MP: 7/14
  3900 | D:5      | Learned a level 5 spell: Iskenderun's Battlesphere
  3967 | D:5      | Noticed Blork the orc
  3972 | D:5      | Killed Blork the orc
  3972 | D:5      | Reached skill level 7 in Conjurations
  4180 | D:5      | Reached skill level 5 in Spellcasting
  4446 | D:5      | Noticed a centaur
  4452 | D:5      | Killed a centaur
  4712 | D:5      | Reached XP level 7. HP: 33/37 MP: 7/16
  4917 | D:5      | Noticed an ice beast
  4923 | D:5      | Killed an ice beast
  4923 | D:5      | Reached skill level 8 in Conjurations
  5197 | D:5      | Gained mutation: Scrolls take you a little longer to read. [potion of mutation]
  5197 | D:5      | Gained mutation: You can spit weak poison. [potion of mutation]
  5197 | D:5      | Gained mutation: You are somewhat resistant to further mutation. [potion of mutation]
  5496 | D:5      | Found Tucagro's Magic Scroll Shoppe.
  5703 | D:6      | Found a staircase to the Ecumenical Temple.
  5733 | D:6      | Killed from afar by an orc priest

Vault maps used:
D:1:      onia_arrival_zoo_common
D:2:      grunt_gozag_breadcrumbs, first_bread, minmay_close_crescents
D:3:      ecumenical_altar_2, uniq_jessica
D:4:      grunt_temple_overflow_order_and_chaos_2, serial_shops,
          nicolae_shop_waterfront, grunt_decor_one_mirror
D:5:      serial_shops, nicolae_shop_trees, supply_closet_lemuel,
          grunt_ministairs_5, uniq_blork_the_orc
D:6:      minmay_temple_entry_statues_fountains, uniq_duvessa

Action                   |  1- 3 |  4- 6 |  7- 9 || total
-------------------------+-------+-------+-------++-------
Melee: Unarmed           |     6 |       |       ||     6
       Mace              |     1 |       |       ||     1
       Whip              |       |     3 |       ||     3
 Cast: Magic Dart        |    56 |    54 |    26 ||   136
       Searing Ray       |     7 |    11 |    10 ||    28
       Iskenderun's Myst |       |    16 |     7 ||    23
       Iskenderun's Batt |       |     1 |       ||     1
  Use: Scroll            |     3 |    10 |       ||    13
       Potion            |     1 |     7 |     3 ||    11
  Eat: Chunk             |     1 |     2 |       ||     3
       Beef jerky        |       |     3 |       ||     3
       Bread ration      |       |     2 |       ||     2
       Meat ration       |       |       |     1 ||     1
